 Dungeon Crawl Stone Soup version 0.29-a0-923-g6e406bff71 (webtiles) character file.

Game seed: 4988974634398101716

59786 2tc the Spry (level 14, -13/110 HPs)
             Began as a Merfolk Gladiator on July 28, 2022.
             Was the Champion of Okawaru.
             Mangled by a two-headed ogre
             ... wielding a +0 giant club
              (15 damage)
             ... while paralysed by an ogre mage
             ... on level 2 of the Orcish Mines.
             The game lasted 01:25:11 (24539 turns).

2tc the Spry (Merfolk Gladiator)                   Turns: 24539, Time: 01:25:11

Health: -13/110    AC: 12    Str: 15    XL:     14   Next: 96%
Magic:  30/30      EV:  2    Int: 13    God:    Okawaru [******]
Gold:   2065       SH:  0    Dex: 16    Spells: 19/21 levels left

rFire   . . .      SeeInvis .   Q - +8 demon trident of Diet Blood {flame, MP+9 Int+2}
rCold   . . .      Faith    .   B - +2 buckler
rNeg    . . .      Spirit   .   D - +1 robe {Archmagi}
rPois   +          Reflect  .   E - +2 hat
rElec   .          Harm     .   o - +1 cloak {Stlth+}
rCorr   .          Rampage  .   j - +2 pair of gloves
Will    +....      Archmagi +   U - +0 pair of boots
Stlth   ++........              h - amulet of the acrobat
HPRegen 0.28/turn               H - +4 ring of slaying
MPRegen 0.22/turn               y - ring of poison resistance

@: paralysed, wereblooded (expiring)
A: (nimble swimmer 2), mertail
a: Renounce Religion, Heroism, Finesse, Duel


You were on level 2 of the Orcish Mines.
You worshipped Okawaru.
Okawaru was exalted by your worship.
You visited 4 branches of the dungeon, and saw 21 of its levels.
You also visited: Ossuary.

You collected 2331 gold pieces.
You spent 266 gold pieces at shops.

Inventory:

Hand Weapons
 q - a +6 spear of freezing
 Q - the +8 demon trident of Diet Blood (weapon) {flame, MP+9 Int+2}
   (Okawaru gifted it to you on level 4 of the Lair of Beasts)

   It burns those it strikes, dealing additional fire damage.
   Int:       It affects your intelligence (+2).
   MP:        It affects your magic capacity (+9).
 T - a +2 demon trident of venom
Missiles
 d - 4 throwing nets (quivered)
 e - 16 javelins
Armour
 b - a +0 leather armour
 i - a +2 robe of willpower
 j - a +2 pair of gloves (worn)
 l - a +2 robe of fire resistance
 o - a +1 cloak of stealth (worn)
 v - a +1 robe of positive energy
 B - a +2 buckler (worn)
 D - a +1 robe of the Archmagi (worn)
 E - a +2 hat (worn)
 I - the +1 pair of gloves of Lies {rF- rCorr Int-5 Slay+5}
   (Okawaru gifted it to you on level 1 of the Lair of Beasts)

   Int:       It affects your intelligence (-5).
   Slay:      It affects your accuracy & damage with ranged weapons and melee
   (+5).
   rF:        It makes you vulnerable to fire.
   rCorr:     It protects you from acid and corrosion.
 U - a +0 pair of boots (worn)
Jewellery
 h - an amulet of the acrobat (around neck)
 t - a ring of ice
 w - a ring of flight
 x - a ring of magical power
 y - a ring of poison resistance (right hand)
 z - an amulet of guardian spirit
 C - a +6 ring of intelligence
 F - a ring of wizardry
 H - a +4 ring of slaying (left hand)
 R - a ring of protection from cold
Wands
 m - a wand of paralysis (10)
 G - a wand of flame (25)
 S - a wand of polymorph (4)
Scrolls
 f - 10 scrolls of teleportation
 p - 2 scrolls of fog
 u - 2 scrolls of brand weapon
 A - 5 scrolls of amnesia
 L - 7 scrolls of identify
Potions
 a - 2 potions of might
 c - a potion of heal wounds
 g - 3 potions of lignification
 k - 11 potions of curing
 n - 3 potions of flight
 r - 6 potions of brilliance
 J - a potion of attraction
 K - 4 potions of mutation
 M - a potion of resistance
 N - a potion of magic
 O - 2 potions of haste


   Skills:
 - Level 10.0 Fighting
 - Level 14.0 Polearms
 - Level 2.0 Throwing
 - Level 5.0 Armour
 - Level 15.0 Dodging
 + Level 12.2 Shields
 - Level 4.0 Spellcasting
 - Level 12.0 Transmutations
 - Level 10.0 Invocations


You had 19 spell levels left.
You knew the following spells:

 Your Spells              Type           Power      Damage    Failure   Level
a - Wereblood             Tmut           50%        N/A       1%          2

Your spell library contained the following spells:

 Spells                   Type           Power      Damage    Failure   Level
 Beastly Appendage        Tmut           100%       N/A       1%          1
 Spider Form              Tmut/Pois      27%        N/A       6%          3
 Ice Form                 Ice/Tmut       27%        N/A       21%         4
 Apportation              Tloc           6%         N/A       24%         1
 Magic Dart               Conj           12%        1d3       24%         1
 Necrotise                Necr           12%        1d4       24%         1
 Slow                     Hex            12%        N/A       24%         1
 Ensorcelled Hibernation  Hex/Ice        6%         N/A       36%         2
 Sublimation of Blood     Necr           3%         N/A       36%         2
 Alistair's Intoxication  Tmut/Pois      18%        N/A       50%         5
 Confusing Touch          Hex            3%         N/A       58%         3
 Frozen Ramparts          Ice            6%         1d2       58%         3
 Mephitic Cloud           Conj/Pois/Air  3%         N/A       58%         3
 Vampiric Draining        Necr           3%         2d6       58%         3
 Anguish                  Hex/Necr       1%         N/A       94%         4
 Corpse Rot               Necr/Pois/Air  3%         N/A       94%         4
 Summon Small Mammal      Summ           Unusable   N/A       N/A         1
 Call Imp                 Summ           Unusable   N/A       N/A         2
 Summon Ice Beast         Ice/Summ       Unusable   N/A       N/A         4
 Simulacrum               Ice/Necr       Unusable   N/A       N/A         6
 Haunt                    Necr/Summ      Unusable   N/A       N/A         7
 Summon Hydra             Summ           Unusable   N/A       N/A         7

Dungeon Overview and Level Annotations

Branches:
Dungeon (13/15)            Temple (1/1) D:6            Lair (5/5) D:11
  Swamp (0/4) Lair:3       Spider (0/4) Lair:2          Orc (2/2) D:10
 Vaults (0/5) D:13        Ossuary (visited)
  Slime: Lair:4-5       Elf: Orc:2

Altars:
Ashenzari
Cheibriados
Dithmenos
Elyvilon
Fedhas
Gozag
Hepliaklqana
Kikubaaqudgha
Makhleb
Nemelex Xobeh
Okawaru
Qazlal
Ru
Sif Muna
Trog
Uskayaw
Vehumet
Wu Jian
Xom
Yredelemnul
Zin
The Shining One

Shops:
D:1 *   D:8 *   D:10 =   Orc:2 (:

Annotations:
D:3 2 runed translucent doors, Crazy Yiuf; Majang's ghost, amateur DjFE
D:6 exclusion: boulder beetle
D:8 2 transporters


Innate Abilities, Weirdness & Mutations

((You are very nimble when in or above water. (Stealth+, EV+, Speed+++)))
Your lower body shifts to a powerful aquatic tail in water.


Message History

Okawaru accepts your kill.
An ogre mage comes into view. It is wielding a +0 club.
An ogre comes into view. It is wielding a +0 giant spiked club.
The two-headed ogre completely misses you.
You block the two-headed ogre's attack.
An ogre comes into view. It is wielding a +0 giant club.
Items here: )))) [ ††††.
You howl as the wereblood boils in your veins!
You howl as the wereblood boils in your veins!
Something hits you!
* * * LOW HITPOINT WARNING * * *
Something barely misses you.
Okay, then.
You feel much better.
Your primal bloodlust is almost over.
Something hits you but does no damage.
You howl as the wereblood boils in your veins!
You impale something!! You burn something.
You block the two-headed ogre's attack. The two-headed ogre barely misses you.
Something hits you.
You puncture the two-headed ogre! You burn the two-headed ogre.
The two-headed ogre is moderately wounded.
You howl as the wereblood boils in your veins!
You hit the two-headed ogre. You burn the two-headed ogre.
The two-headed ogre is moderately wounded.
The two-headed ogre completely misses you.
The two-headed ogre hits you with a +0 giant club!!
* * * LOW HITPOINT WARNING * * *
Something hits you but does no damage.
You hear some strange, mumbled words.
You suddenly lose the ability to move!
You howl as the wereblood boils in your veins!
An ogre mage appears from thin air!
Reactivating autopickup.
The two-headed ogre hits you with a +0 giant club!!
* * * LOW HITPOINT WARNING * * *
The two-headed ogre hits you with a +0 giant club.
* * * LOW HITPOINT WARNING * * *
The two-headed ogre hits you with a +0 giant club!
You die...

...............# #...#..........
......#........###..#...........
................##...............
...............##.#..............
.............#...................
........_........................
.........O...#...................
........†O.T#.#OO................
........)###O.TO@................
........).###.O.O................
........O#####...........<...#...
........O###.#..)...........#....
....OO..###.....).).........##...
......O## ##...#).............##.
..O..O##.##....................##
.O....#..............#..........#
......##.##...........#......#.##


You could see 3 two-headed ogres, an ogre mage, 2 trolls and 3 ogres.

Vanquished Creatures
  Gastronok (D:12)
  A sphinx (D:13)
  A fire dragon (D:13)
  Snorg (Orc:2)
  Josephine (D:10)
  5 boulder beetles
  5 hydras
  3 centaur warriors (D:13)
  3 two-headed ogres (Orc:2)
  A catoblepas (Lair:1)
  5 death yaks (Lair:4)
  Urug (D:12)
  Nergalle (D:10)
  An iron troll (D:13)
  A sea snake (shapeshifter) (D:13)
  Lodul (D:10)
  An orc knight (D:13)
  A deep elf pyromancer (D:13)
  A harpy (shapeshifter) (D:13)
  2 ugly things
  2 manticores
  5 cyclopes
  Maurice (D:8)
  2 black mambas
  4 torpor snails
  A black mamba (shapeshifter) (D:13)
  A gargoyle (D:13)
  6 cane toads
  7 komodo dragons
  2 kobold demonologists
  A rime drake (Lair:3)
  An unseen horror (D:11)
  A tengu conjurer (D:13)
  7 trolls
  Prince Ribbit (D:8)
  A meliai (Lair:2)
  A raiju (shapeshifter) (D:13)
  A dream sheep (Lair:5)
  6 polar bears
  15 blink frogs
  4 slime creatures (D:12)
  A centaur simulacrum (D:13)
  2 vampires
  5 wraiths
  A water elemental (D:13)
  3 shadows
  30 yaks
  4 wyverns
  7 vampire mosquitoes (D:13)
  3 basilisks
  A steam dragon (D:7)
  2 wargs
  A two-headed ogre zombie (D:10)
  An acid dragon (D:13)
  19 water moccasins
  13 orc warriors
  5 boggarts
  20 ogres
  3 phantoms (D:10)
  5 centaurs
  16 wolves
  A kobold brigand (D:8)
  15 bullfrogs
  A gnoll sergeant (D:6)
  4 scorpions
  11 wights
  2 troll zombies (D:10)
  31 killer bees
  A howler monkey (D:7)
  A centaur zombie (Ossuary)
  2 human zombies (Ossuary)
  12 orc priests
  2 jellies (D:5)
  A hound (D:5)
  3 iguanas
  16 orc wizards
  5 ogre zombies (D:10)
  2 mummies (Ossuary)
  Robin (D:2)
  8 adders
  8 gnolls
  An ufetubus (D:5)
  An adder zombie (Ossuary)
  2 worms (D:2)
  A dart slug (D:1)
  67 orcs
  13 endoplasms
  4 giant cockroaches
  8 hobgoblins
  13 kobolds
  6 quokkas
  5 ball pythons
  8 bats
  3 frilled lizards
  9 goblins
  2 goblin skeletons (D:10)
  5 goblin zombies
  10 hobgoblin zombies
  2 jackal zombies (Ossuary)
  12 kobold zombies (Ossuary)
  6 orc skeletons (D:10)
  20 orc zombies
  4 rats
578 creatures vanquished.

Vanquished Creatures (others)
  31 fungi
  57 plants
88 creatures vanquished.

Grand Total: 666 creatures vanquished

Notes
Turn   | Place    | Note
-------+----------+-------------------------------------------
     0 | D:1      | 2tc the Merfolk Gladiator began the quest for the Orb.
     0 | D:1      | Reached XP level 1. HP: 16/16 MP: 1/1
   130 | D:1      | Reached XP level 2. HP: 18/22 MP: 2/2
   242 | D:1      | Found Piycamn Tuont's Assorted Antiques.
   250 | D:1      | Bought a scroll labelled VOIN YTIKHUXIFE for 26 gold pieces
   353 | D:1      | Reached skill level 5 in Polearms
   740 | D:1      | Reached XP level 3. HP: 27/27 MP: 3/3
  1268 | D:2      | Noticed Robin
  1283 | D:2      | Killed Robin
  1531 | D:2      | Reached XP level 4. HP: 30/33 MP: 4/4
  2174 | D:2      | Found a faded altar of an unknown god.
  2667 | D:3      | Reached XP level 5. HP: 37/38 MP: 5/5
  3040 | D:3      | Found a runed translucent door.
  3045 | D:3      | Noticed Majang's ghost (amateur DjFE)
  3554 | D:3      | Found a runed translucent door.
  3555 | D:3      | Noticed Crazy Yiuf
  3782 | D:3      | Found a sacrificial altar of Ru.
  4146 | D:4      | Reached XP level 6. HP: 44/44 MP: 6/6
  4775 | D:5      | Entered Level 5 of the Dungeon
  4792 | D:5      | Reached skill level 10 in Polearms
  4792 | D:5      | Reached XP level 7. HP: 50/50 MP: 7/7
  6042 | D:6      | Found a shimmering blue altar of Sif Muna.
  6042 | D:6      | Found a burning altar of Makhleb.
  6117 | D:6      | Noticed a boulder beetle
  6158 | D:6      | Found a staircase to the Ecumenical Temple.
  6184 | Temple   | Entered the Ecumenical Temple
  6337 | Temple   | Became a worshipper of Warmaster Okawaru
  6452 | D:6      | Reached XP level 8. HP: 27/56 MP: 8/8
  6460 | D:6      | Learned a level 2 spell: Wereblood
  6526 | D:6      | Noticed a troll
  6566 | D:6      | Killed a troll
  6567 | D:6      | Reached skill level 1 in Spellcasting
  6968 | D:6      | Found a bloodstained altar of Trog.
  7235 | D:7      | Reached * piety under Okawaru
  7236 | D:7      | Reached skill level 5 in Transmutations
  7336 | D:7      | Found a snail-covered altar of Cheibriados.
  7337 | D:7      | Found a sparkling altar of Nemelex Xobeh.
  7673 | D:7      | Found a sand-covered staircase.
  7679 | Ossuary  | Entered an ossuary
  7868 | Ossuary  | Reached ** piety under Okawaru
  7869 | Ossuary  | Reached XP level 9. HP: 61/61 MP: 12/12
  8232 | D:7      | Found a glowing silver altar of Zin.
  8248 | D:7      | Reached skill level 5 in Dodging
  8408 | D:7      | Found a white marble altar of Elyvilon.
  8413 | D:7      | Found a broken altar of Ashenzari.
  8994 | D:8      | Found a shadowy altar of Dithmenos.
  9012 | D:7      | Reached skill level 6 in Dodging
  9238 | D:8      | Found a transporter.
  9412 | D:8      | Found a transporter.
  9445 | D:8      | Found a stormy altar of Qazlal.
  9460 | D:8      | Reached skill level 7 in Dodging
  9464 | D:8      | Reached *** piety under Okawaru
  9482 | D:8      | Reached skill level 8 in Dodging
  9654 | D:8      | Noticed Prince Ribbit
  9664 | D:8      | Killed Prince Ribbit
  9875 | D:8      | Found a blossoming altar of Fedhas.
  9884 | D:8      | Noticed Maurice
  9915 | D:8      | Paralysed by something for 3 turns
  9925 | D:8      | Paralysed by something for 3 turns
  9936 | D:8      | Killed Maurice
  9937 | D:8      | Reached skill level 5 in Fighting
  9937 | D:8      | Reached XP level 10. HP: 25/74 MP: 13/13
 10223 | D:8      | Found Hyakliuc's Serpentskin Sales.
 10238 | D:8      | Bought a ring of poison resistance for 240 gold pieces
 10604 | D:9      | Noticed a kobold demonologist
 10626 | D:9      | Killed a kobold demonologist
 10627 | D:9      | Reached skill level 5 in Invocations
 10888 | D:9      | Reached **** piety under Okawaru
 10998 | D:9      | Reached skill level 5 in Shields
 11259 | D:9      | Got the Tome of Fulgurous Necromancy
 11365 | D:9      | Found a basalt altar of Yredelemnul.
 11436 | D:10     | Entered Level 10 of the Dungeon
 11437 | D:10     | Found a staircase to the Orcish Mines.
 11449 | D:10     | Noticed Lodul
 11510 | D:10     | Killed Lodul
 11511 | D:10     | Reached skill level 10 in Transmutations
 11525 | D:10     | Received a gift from Okawaru
 11534 | D:10     | Reached XP level 11. HP: 67/79 MP: 7/14
 11703 | D:10     | Reached ***** piety under Okawaru
 11704 | D:10     | Received a gift from Okawaru
 11767 | D:10     | Noticed Nergalle
 11794 | D:10     | Killed Nergalle
 11795 | D:10     | Reached skill level 9 in Dodging
 12144 | D:10     | Found Ivioh's Jewellery Emporium.
 12144 | D:10     | You fall into a shaft and drop 1 floor!
 12197 | D:11     | Noticed a boulder beetle
 12240 | D:11     | Killed a boulder beetle
 12339 | D:11     | Found a staircase to the Lair.
 12548 | D:11     | Noticed a cyclops
 12563 | D:11     | Killed a cyclops
 12695 | D:11     | Identified the +1 dagger "Lunuh" {freeze, rF+ rC- rN+
                  | Dex+2}
 13316 | D:11     | Noticed a manticore
 13429 | D:10     | Reached skill level 10 in Dodging
 13519 | D:10     | Noticed Josephine
 13547 | D:10     | Killed Josephine
 13547 | D:10     | Received a gift from Okawaru
 14091 | D:11     | Reached skill level 10 in Shields
 14240 | D:11     | Killed a manticore
 14397 | D:12     | Noticed Urug
 14410 | D:12     | Killed Urug
 14478 | D:12     | Noticed a cyclops
 14490 | D:12     | Killed a cyclops
 14491 | D:12     | Reached XP level 12. HP: 82/86 MP: 17/17
 14556 | D:12     | Noticed a boulder beetle
 14798 | D:12     | Noticed Gastronok
 14843 | D:12     | Killed Gastronok
 14877 | D:12     | Noticed a boulder beetle
 14900 | D:12     | Killed a boulder beetle
 15310 | D:12     | Killed a boulder beetle
 15684 | D:12     | Reached skill level 10 in Invocations
 15989 | Lair:1   | Entered Level 1 of the Lair of Beasts
 16285 | Lair:1   | Identified the +1 pair of gloves of Lies {rF- rCorr Int-5
                  | Slay+5} (Okawaru gifted it to you on level 1 of the Lair of
                  | Beasts)
 16285 | Lair:1   | Received a gift from Okawaru
 16286 | Lair:1   | Reached skill level 1 in Armour
 16348 | Lair:1   | Noticed a catoblepas
 16377 | Lair:1   | Killed a catoblepas
 17962 | Lair:2   | Reached skill level 5 in Armour
 17968 | Lair:2   | Noticed a six-headed hydra
 17978 | Lair:2   | Killed a six-headed hydra
 17979 | Lair:2   | Reached XP level 13. HP: 91/91 MP: 20/20
 18035 | Lair:2   | Found a hole to the Spider Nest.
 19495 | Lair:4   | Identified the +8 demon trident of Diet Blood {flame, MP+9
                  | Int+2} (Okawaru gifted it to you on level 4 of the Lair of
                  | Beasts)
 19495 | Lair:4   | Received a gift from Okawaru
 19830 | Lair:4   | You fall into a shaft and drop 1 floor!
 19830 | Lair:5   | Entered Level 5 of the Lair of Beasts
 20052 | Lair:4   | Identified the +6 bardiche of the Exceptional God {vorpal,
                  | Will+} (Okawaru gifted it to you on level 4 of the Lair of
                  | Beasts)
 20052 | Lair:4   | Received a gift from Okawaru
 20073 | Lair:4   | Reached skill level 10 in Fighting
 20199 | Lair:4   | Reached ****** piety under Okawaru
 20304 | Lair:4   | Reached skill level 11 in Dodging
 20304 | Lair:4   | Reached XP level 14. HP: 108/110 MP: 21/21
 20751 | Lair:3   | Reached skill level 12 in Dodging
 20983 | Lair:3   | Found a snail-covered altar of Cheibriados.
 21146 | Lair:3   | Found a staircase to the Swamp.
 21537 | D:13     | Received a gift from Okawaru
 21627 | D:13     | Reached skill level 13 in Dodging
 21769 | D:13     | Found a gate to the Vaults.
 22339 | D:13     | Reached skill level 14 in Dodging
 22699 | D:13     | Reached skill level 15 in Dodging
 23009 | D:13     | Noticed a sphinx
 23020 | D:13     | Killed a sphinx
 23020 | D:13     | Received a gift from Okawaru
 23688 | D:13     | Noticed a fire giant
 23903 | Orc:1    | Entered Level 1 of the Orcish Mines
 24214 | Orc:2    | Entered Level 2 of the Orcish Mines
 24235 | Orc:2    | Noticed Snorg
 24246 | Orc:2    | Killed Snorg
 24481 | Orc:2    | Found Tiaki's Book Boutique.
 24482 | Orc:2    | Found Bafekunt's Antique Weapon Boutique.
 24537 | Orc:2    | Paralysed by something for 5 turns
 24539 | Orc:2    | HP: 2/110 [two-headed ogre/+0 giant club (5)]
 24539 | Orc:2    | Mangled by a two-headed ogre

Illustrated notes

Levels and vault maps discovered:
D:1:      erik_arrival_triangle_small, layout_basic, serial_shops,
          nicolae_diamond_shop
D:2:      layout_basic, dreamdust_ecumenical_altar_statues, uniq_robin
D:3:      layout_basic, nicolae_ru_path_of_blood, ebering_ghost_sewer_d,
          uniq_crazy_yiuf_cottage
D:4:      layout_loops_ring
D:5:      layout_basic
D:6:      layout_basic, marbit_many_paths, gammafunk_temple_overflow_statue,
          minmay_temple_entry_glass, minmay_misc_feat_more_columns
D:7:      layout_basic, minitemple, jmf_multi_god_temple,
          lightli_ossuary_entry_decrepit_ruins, corexii_leaking_fountain
D:8:      gammafunk_steamed_eel, layout_loops_cross,
          nicolae_qazlal_general_emergency, mainiacjoe_overflow_tiny_flanked,
          mainiacjoe_overflow_small_starburst, guppyfry_shop_venom,
          uniq_prince_ribbit1, uniq_maurice
D:9:      layout_rooms, nicolae_overflow_crystal_walls
D:10:     layout_loops_cross, zombieorc2_lemuel, serial_shops,
          nicolae_diamond_shop, uniq_nergalle, uniq_josephine, uniq_lodul
D:11:     layout_basic, due_lair_maze_entry_diamond, grunt_ministairs_7
D:12:     layout_stronghold, uniq_gastronok, uniq_urug
D:13:     lemuel_traditional_vault, layout_loops_corners, david_vaults_4,
          special_room [special_room_orc]
Temple:   jpeg_temple_island
Lair:1:   layout_cave_pods, chequers_serial_rivers_large_b
Lair:2:   layout_chaotic_city, hellmonk_spider_entry_not_the_bees,
          grunt_megastairs_5
Lair:3:   layout_chaotic_city, swamp_mist, serial_bayou, serial_bayou_pond_e,
          serial_bayou_lagoon_a, serial_bayou_crossing, serial_bayou_ford_a,
          kennysheep_snail_temple
Lair:4:   layout_loops_ring, kilobyte_rumbling_trees, grunt_megastairs_1
Lair:5:   evil_forest, layout_cave_pods, minmay_slime_entry_oklob_enclosed,
          st_stairs_8
Orc:1:    layout_caves, nicolae_orc_damp_corner, nicolae_shop_vocational
Orc:2:    st_orc_open, layout_caves, basic_altar, uniq_snorg

Skill      XL: |  1  2  3  4  5  6  7  8  9 10 11 12 13 14 |
---------------+-------------------------------------------+-----
Polearms       | 5 6 7 8 10 12 14 | 14.0
Spellcasting   | 2 4 |  4.0
Transmutations | 8 9 10 12 | 12.0
Dodging        | 8 10 11 15 | 15.0
Fighting       | 5 10 | 10.0
Invocations    | 3 5 7 10 | 10.0
Shields        | 6 10 12 | 12.2
Armour         | 5 |  5.0
Throwing       | |  2.0

Action                   |  1- 3 |  4- 6 |  7- 9 | 10-12 | 13-15 || total
-------------------------+-------+-------+-------+-------+-------++-------
Melee: Trident           |    93 |   243 |   117 |    15 |       ||   468
       Punch             |       |     1 |     2 |     7 |       ||    10
       Spear             |       |       |   384 |   942 |   295 ||  1621
       Demon trident     |       |       |       |       |   522 ||   522
       Tailslap          |       |       |       |       |     3 ||     3
Throw: Javelin           |       |       |       |       |     2 ||     2
 Cast: Wereblood         |       |       |     3 |    13 |    14 ||    30
Invok: Heroism           |       |       |     2 |       |     1 ||     3
       Finesse           |       |       |       |     6 |     7 ||    13
Evoke: Wand              |       |       |       |    19 |     4 ||    23
  Use: Scroll            |     9 |     7 |     5 |     8 |     6 ||    35
       Potion            |       |     3 |    11 |     8 |     3 ||    25
 Stab: Sleeping          |     4 |     6 |     1 |    10 |     3 ||    24
       Invisible         |       |     2 |     2 |     9 |       ||    13
       Distracted        |       |       |       |     3 |     1 ||     4
Armor: Leather armour    |    14 |    46 |     7 |       |       ||    67
       Robe              |       |       |    74 |    70 |    77 ||   221
Dodge: Dodged            |    34 |   137 |   180 |   255 |   263 ||   869
Block: Buckler           |       |       |       |    79 |   154 ||   233

Table legend: (Time is in decaauts)
 A = Elapsed time spent in this place.
 B = Non-inter-level travel time spent in this place.
 C = Inter-level travel time spent in this place.
 D = Time resting spent in this place.
 E = Time spent auto-exploring this place.
 F = Levels seen in this place.
 G = Mean time per level.
                   A        B        C        D        E       F      G
               +--------+--------+--------+--------+--------+-----+--------+
         Total |  23298 |  22309 |    989 |   3891 |  14649 |  22 | 1059.0 |
       Dungeon |  17217 |  16471 |    746 |   3084 |  10711 |  13 | 1324.4 |
        Temple |    142 |    114 |     28 |      0 |    103 |   1 |  142.0 |
          Lair |   4987 |   4800 |    187 |    730 |   3294 |   5 |  997.4 |
  Orcish Mines |    584 |    557 |     27 |      0 |    405 |   2 |  292.0 |
       Ossuary |    366 |    366 |      0 |     77 |    135 |   1 |  366.0 |
               +--------+--------+--------+--------+--------+-----+--------+

Top non-repeatable levels by time:
    D:13: 2242 daAuts
    D:11: 1681 daAuts
    D:12: 1521 daAuts
     D:7: 1500 daAuts
     D:3: 1418 daAuts
     D:2: 1412 daAuts
  Lair:2: 1401 daAuts
  Lair:1: 1396 daAuts
     D:8: 1280 daAuts
     D:1: 1249 daAuts
    D:10: 1234 daAuts
  Lair:4: 1149 daAuts
     D:5: 1087 daAuts
     D:6: 994 daAuts
  Lair:3: 974 daAuts
